 Dungeon Sprint DCSS version 0.20-a0-1062-g7b787ac (webtiles) character file.

27874 Kidiri the Eclecticist (level 13, 0/80 HPs)
             Began as a Deep Elf Fire Elementalist on Apr 27, 2017.
             Was the Champion of Vehumet.
             Succumbed to a deep elf annihilator's poison arrow
             ... in the Dungeon (Sprint III: "The Ten Rune Challenge").
             The game lasted 00:24:50 (5037 turns).

Kidiri the Eclecticist (Deep Elf Fire Elementalist) Turns: 5037, Time: 00:24:50

Health: 0/80       AC:  4    Str:  7    XL:     13   Next: 6%
Magic:  36/37      EV: 22    Int: 26    God:    Vehumet [******]
Gold:   4655       SH:  0    Dex: 17    Spells: 7/48 levels left

rFire    . . .     SeeInvis .   j - +0 dagger (venom)
rCold    + . .     Gourm    .   (no shield)
rNeg     . . .     Faith    .   e - +1 robe
rPois    .         Spirit   .   (helmet restricted)
rElec    .         Reflect  .   (no cloak)
rCorr    .         Harm     .   (no gloves)
MR       +....     NoTele   +   (no boots)
Stlth    ++........             (no amulet)
Regen    0.3/turn               (no ring)
MPRegen  0.3/turn               (no ring)

@: lethally poisoned (0 -> -10)
A: horns 1, agile 1, cold resistance 1, shaggy fur 1, strong 1
a: Renounce Religion


You were in the Dungeon.
You worshipped Vehumet.
Vehumet was exalted by your worship.
You were full.

You visited 1 branch You collected 4655 gold pieces.

Inventory:

Hand Weapons
 j - a +0 dagger of venom (weapon)
 k - a +0 dagger of speed
Armour
 e - a +1 robe (worn)
Scrolls
 n - 2 scrolls of holy word
 p - a scroll of remove curse
Potions
 g - a potion of magic
 h - a potion of berserk rage
 l - 2 potions of might
 m - a potion of mutation
 r - 3 potions of flight
Books
 s - a book of the Tempests

   Spells                             Type                      Level
   a - Static Discharge               Conjuration/Air              3
   b - Lightning Bolt                 Conjuration/Air              5
   c - Ignition                       Fire                         8
   d - Tornado                        Air                          9
   e - Shatter                        Earth                        9
Comestibles
 a - 19 royal jellies
 b - 3 chunks of flesh
 c - a bread ration


   Skills:
 + Level 9.3 Fighting
 + Level 9.8 Short Blades
 + Level 9.0 Armour
 + Level 12.8 Dodging
 - Level 2.4 Stealth
 * Level 18.4 Spellcasting
 + Level 11.7 Conjurations
 + Level 12.0 Fire Magic
 + Level 6.2 Ice Magic
 + Level 9.6 Air Magic
 + Level 10.7 Poison Magic


You had 7 spell levels left.
You knew the following spells:

 Your Spells              Type           Power        Failure   Level  Hunger
a - Flame Tongue          Conj/Fire      #####        0%          1    None
b - Throw Flame           Conj/Fire      ######       0%          2    None
c - Conjure Flame         Conj/Fire      ######..     1%          3    None
d - Inner Flame           Hex/Fire       ######..     1%          3    None
e - Ignite Poison         Fire/Tmut/Pois ######..     1%          3    None
f - Sticky Flame          Conj/Fire      ######..     1%          4    None
g - Fireball              Conj/Fire      ######....   1%          5    None
h - Ignition              Fire           ######....   22%         8    ######.
i - Mephitic Cloud        Conj/Pois/Air  ######..     1%          3    None
j - Static Discharge      Conj/Air       ######..     1%          3    None
k - Freezing Cloud        Conj/Ice/Air   ######....   1%          6    ###....


Dungeon Overview and Level Annotations

Branches:
Dungeon (1/1)

Altars:
Cheibriados
Dithmenos
Elyvilon
Fedhas
Gozag
Hepliaklqana
Kikubaaqudgha
Makhleb
Nemelex Xobeh
Okawaru
Qazlal
Ru
Sif Muna
Trog
Uskayaw
Vehumet
Wu Jian
Xom
Yredelemnul
Zin
The Shining One
Beogh
Jiyva
Lugonu

Shops:
D (

Annotations:
D exclusion: 2 doors


Innate Abilities, Weirdness & Mutations

You have a pair of small horns on your head.
You are agile. (Dex +2)
Your flesh is cold resistant. (rC+)
You are covered in fur. (AC +1)
Your muscles are strong. (Str +2)


Message History

Press: ? - help, Shift-Dir - straight line, f - deep elf annihilator
Aim: a deep elf annihilator, wearing an embroidered robe and wearing a brightly glowing bone ring (water, moderately wounded, hasn't noticed you)
The flame tongue hits the deep elf annihilator.
The deep elf annihilator appears unharmed.
The deep elf annihilator is moderately wounded.
The deep elf annihilator shouts!
You hear a shout!
The deep elf annihilator gestures at you while chanting.
The poison arrow misses you.
Okay, then.
Unknown command.
Okay, then.
Unknown command.
The deep elf annihilator casts a spell at you.
The poison arrow hits you!
You are poisoned.
Ouch! That really hurt!
* * * LOW HITPOINT WARNING * * *
Unknown command.
Okay, then.
You die...

▓▓▓ ▓▓▓▓▓▓ ###.#####..#.#######
## __#.#.#∩.....'.#...# ...
)_#..).)....##.#...##≈≈≈
+##..)).)).#.#)#...e≈≈e
..#))...))...#)#...##≈
..#.#####)...#.)@..# #'#...#
############
..#'###########################
..#....#.#.#)..[.#......+...≈≈#
..##)#).#.##.###.#......#...≈≈###
..'##.#.#.##.#..##......#...≈≈≈≈#
..#...#..#..##.)'.......#...≈≈≈≈#
▓▓▓▓▓▓▓▓▓▓▓▓▓▓▓▓#.......#.......#
≈≈........≈≈≈...#.......#.......#


You could see a deep elf annihilator.

Vanquished Creatures
  Rupert (D)
  Erolcha (D)
  2 orc high priests (D)
  Urug (D)
  4 death yaks (D)
  A lindwurm (D)
  An orc sorcerer (D)
  6 deep elf magi (D)
  6 black mambas (D)
  2 spiny frogs (D)
  A komodo dragon (D)
  A rime drake (D)
  A queen bee (D)
  3 wandering mushrooms (D)
  8 blink frogs (D)
  2 tyrant leeches (D)
  A shadow (D)
  5 redbacks (D)
  A spatial vortex (D)
  A swamp drake (D)
  A necrophage (D)
  5 two-headed ogres (D)
  A water elemental (D)
  A scorpion (D)
  31 killer bees (D)
  3 orc priests (D)
  A jelly (D)
  3 orc wizards (D)
  A wizard (D)
  Jessica (D)
  A necromancer (D)
  3 humans (D)
  A kobold demonologist (D)
  3 adders (D)
  9 orcs (D)
  2 rats (D)
116 creatures vanquished.

Vanquished Creatures (collateral kills)
  A killer bee (D)
1 creature vanquished.

Vanquished Creatures (others)
  2 draconian scorchers (D)
  6 hellions (D)
  3 yaktaurs (D)
  7 plants (D)
18 creatures vanquished.

Grand Total: 135 creatures vanquished

Notes
Turn   | Place    | Note
-------+----------+-------------------------------------------
     0 | D        | Kidiri the Deep Elf Fire Elementalist began the quest for the Orb.
     0 | D        | Reached XP level 1. HP: 10/10 MP: 6/6
    24 | D        | Noticed Jessica
    27 | D        | Killed Jessica
    27 | D        | Reached skill level 1 in Fighting
    27 | D        | Reached skill level 1 in Armour
    27 | D        | Reached skill level 5 in Spellcasting
    27 | D        | Reached XP level 2. HP: 14/16 MP: 3/10
    31 | D        | Learned a level 2 spell: Throw Flame
    51 | D        | Killed a yaktaur
   109 | D        | Killed a hellion
   109 | D        | Killed a hellion
   109 | D        | Killed a hellion
   110 | D        | Killed a hellion
   122 | D        | Reached XP level 3. HP: 21/21 MP: 0/12
   122 | D        | Killed a hellion
   127 | D        | Learned a level 3 spell: Conjure Flame
   131 | D        | Learned a level 3 spell: Inner Flame
   131 | D        | Killed a hellion
   160 | D        | Killed a white draconian scorcher
   216 | D        | Killed a white draconian scorcher
   220 | D        | Noticed a scorpion
   228 | D        | Killed a scorpion
   228 | D        | Reached skill level 6 in Spellcasting
   228 | D        | Reached XP level 4. HP: 27/27 MP: 6/14
   234 | D        | Learned a level 4 spell: Sticky Flame
   261 | D        | Gained mutation: Your muscles are strong. (Str +2) [potion of mutation]
   261 | D        | Gained mutation: You possess an exceptional clarity of mind. [potion of mutation]
   261 | D        | Gained mutation: You have sharp toenails. [potion of mutation]
   262 | D        | Lost mutation: Your muscles are strong. (Str +2) [potion of mutation]
   262 | D        | Lost mutation: You possess an exceptional clarity of mind. [potion of mutation]
   262 | D        | Lost mutation: You have sharp toenails. [potion of mutation]
   262 | D        | Gained mutation: Your mind is acute. (Int +2) [potion of mutation]
   262 | D        | Gained mutation: You tend to lose your temper in combat. [potion of mutation]
   262 | D        | Gained mutation: Your muscles are strong. (Str +2) [potion of mutation]
   263 | D        | Lost mutation: You tend to lose your temper in combat. [potion of mutation]
   263 | D        | Lost mutation: Your mind is acute. (Int +2) [potion of mutation]
   263 | D        | Gained mutation: You are agile. (Dex +2) [potion of mutation]
   263 | D        | Gained mutation: You have a pair of small horns on your head. [potion of mutation]
   263 | D        | Gained mutation: Your flesh is cold resistant. (rC+) [potion of mutation]
   263 | D        | Gained mutation: You are covered in fur. (AC +1) [potion of mutation]
   301 | D        | Noticed a water elemental
   304 | D        | Killed a water elemental
   304 | D        | Reached skill level 5 in Dodging
   304 | D        | Reached skill level 7 in Spellcasting
   304 | D        | Reached skill level 5 in Fire Magic
   304 | D        | Reached XP level 5. HP: 32/32 MP: 9/17
   312 | D        | Learned a level 5 spell: Fireball
   356 | D        | Found a radiant altar of Vehumet.
   357 | D        | Found a deep blue altar of Sif Muna.
   357 | D        | Found an ancient bone altar of Kikubaaqudgha.
   360 | D        | Reached skill level 8 in Spellcasting
   361 | D        | Noticed a smoke demon
   376 | D        | Learned a level 3 spell: Mephitic Cloud
   382 | D        | Became a worshipper of Vehumet
   480 | D        | Found a glowing silver altar of Zin.
   481 | D        | Found a glowing golden altar of the Shining One.
   481 | D        | Found a white marble altar of Elyvilon.
   481 | D        | Noticed a deep elf mage
   490 | D        | Killed a deep elf mage
   490 | D        | Reached skill level 10 in Spellcasting
   490 | D        | Reached skill level 5 in Conjurations
   490 | D        | Reached XP level 6. HP: 20/38 MP: 11/21
   490 | D        | Reached XP level 7. HP: 23/43 MP: 11/22
   687 | D        | Found a hide-covered altar of Uskayaw.
   687 | D        | Found a roughly hewn altar of Beogh.
   687 | D        | Found an iron altar of Okawaru.
   687 | D        | Found a bloodstained altar of Trog.
   687 | D        | Found an ornate altar of the Wu Jian Council.
   687 | D        | Noticed a human
   689 | D        | Noticed a human
   700 | D        | Killed a human
   701 | D        | Killed a human
   701 | D        | Reached * piety under Vehumet
   701 | D        | Offered knowledge of Freeze by Vehumet.
   701 | D        | Reached skill level 11 in Spellcasting
   763 | D        | Killed a yaktaur
   934 | D        | Learned a level 3 spell: Static Discharge
   938 | D        | Found a basalt altar of Yredelemnul.
   938 | D        | Found a shadowy altar of Dithmenos.
   938 | D        | Found a sacrificial altar of Ru.
  1024 | D        | Killed a yaktaur
  1090 | D        | Offered knowledge of Sandblast by Vehumet.
  1090 | D        | Reached ** piety under Vehumet
  1090 | D        | Reached XP level 8. HP: 48/48 MP: 20/25
  1104 | D        | Reached skill level 5 in Fighting
  1104 | D        | Reached skill level 5 in Armour
  1212 | D        | Found a blossoming altar of Fedhas.
  1212 | D        | Found a stormy altar of Qazlal.
  1212 | D        | Found a snail-covered altar of Cheibriados.
  1212 | D        | Found a burning altar of Makhleb.
  1212 | D        | Found a shimmering altar of Xom.
  1213 | D        | Found a hazy altar of Hepliaklqana.
  1213 | D        | Found an opulent altar of Gozag.
  1213 | D        | Found a sparkling altar of Nemelex Xobeh.
  1213 | D        | Found a corrupted altar of Lugonu.
  1213 | D        | Found a viscous altar of Jiyva.
  1450 | D        | Offered knowledge of Ignite Poison by Vehumet.
  1455 | D        | Learned a level 3 spell: Ignite Poison
  1458 | D        | Reached *** piety under Vehumet
  1458 | D        | Reached skill level 5 in Poison Magic
  1566 | D        | Noticed a two-headed ogre
  1572 | D        | Killed a two-headed ogre
  1572 | D        | Reached skill level 12 in Spellcasting
  1603 | D        | Noticed a two-headed ogre
  1605 | D        | Noticed Erolcha
  1607 | D        | Killed a two-headed ogre
  1607 | D        | Offered knowledge of Airstrike by Vehumet.
  1607 | D        | Reached skill level 5 in Short Blades
  1607 | D        | Reached skill level 5 in Air Magic
  1610 | D        | Killed Erolcha
  1610 | D        | Reached skill level 13 in Spellcasting
  1610 | D        | Reached XP level 9. HP: 55/55 MP: 11/28
  1669 | D        | Reached **** piety under Vehumet
  1771 | D        | Noticed a queen bee
  1775 | D        | Killed a queen bee
  1775 | D        | Offered knowledge of Force Lance by Vehumet.
  1776 | D        | Reached ***** piety under Vehumet
  1780 | D        | Reached ****** piety under Vehumet
  1781 | D        | Reached skill level 14 in Spellcasting
  1785 | D        | Reached XP level 10. HP: 44/61 MP: 12/30
  1927 | D        | Learned a level 8 spell: Ignition
  1937 | D        | Offered knowledge of Bolt of Draining by Vehumet.
  2065 | D        | Reached skill level 10 in Dodging
  2141 | D        | Noticed a spiny frog
  2141 | D        | Noticed a spiny frog
  2145 | D        | Killed a spiny frog
  2148 | D        | Killed a spiny frog
  2148 | D        | Reached skill level 15 in Spellcasting
  2150 | D        | Offered knowledge of Freezing Cloud by Vehumet.
  2150 | D        | Reached skill level 10 in Fire Magic
  2395 | D        | Noticed a lindwurm
  2410 | D        | Killed a lindwurm
  2654 | D        | Noticed Urug
  2659 | D        | Killed Urug
  2659 | D        | Reached XP level 11. HP: 68/68 MP: 24/32
  2665 | D        | Reached skill level 10 in Conjurations
  2665 | D        | Reached XP level 12. HP: 73/73 MP: 25/33
  2673 | D        | Learned a level 6 spell: Freezing Cloud
  2702 | D        | Offered knowledge of Bolt of Magma by Vehumet.
  2702 | D        | Reached skill level 16 in Spellcasting
  2705 | D        | Reached skill level 1 in Ice Magic
  3123 | D        | Found Geigicsa's Weapon Shoppe.
  3124 | D        | Noticed an orc high priest
  3124 | D        | Noticed an orc high priest
  3126 | D        | Offered knowledge of Bolt of Fire by Vehumet.
  3130 | D        | Killed an orc high priest
  3130 | D        | Killed an orc high priest
  3407 | D        | Noticed Rupert
  3478 | D        | Killed Rupert
  3478 | D        | Offered knowledge of Iron Shot by Vehumet.
  3478 | D        | Reached skill level 17 in Spellcasting
  3717 | D        | Noticed a death yak
  3726 | D        | Killed a death yak
  3735 | D        | Noticed a death yak
  3746 | D        | Noticed a death yak
  3751 | D        | Noticed a death yak
  3767 | D        | Killed a death yak
  3767 | D        | Reached skill level 10 in Poison Magic
  3771 | D        | Killed a death yak
  3771 | D        | Reached skill level 5 in Ice Magic
  3784 | D        | Killed a death yak
  4335 | D        | Noticed an azure jelly
  4335 | D        | Noticed an azure jelly
  4348 | D        | Offered knowledge of Ozocubu's Refrigeration by Vehumet.
  4350 | D        | Reached skill level 18 in Spellcasting
  4518 | D        | Noticed an anaconda
  4878 | D        | Reached XP level 13. HP: 78/80 MP: 37/37
  4891 | D        | Offered knowledge of Conjure Ball Lightning by Vehumet.
  5011 | D        | Noticed a deep elf demonologist
  5035 | D        | Noticed a deep elf annihilator
  5036 | D        | HP: 2/80 [deep elf annihilator/poison arrow (44)]
  5037 | D        | Succumbed to a deep elf annihilator's poison arrow

Vault maps used:
D:        dungeon_sprint_mu

Skill      XL: |  1  2  3  4  5  6  7  8  9 10 11 12 13 |
---------------+----------------------------------------+-----
Fighting       | 1 2 4 6 7 9 |  9.3
Armour         | 1 2 3 4 6 7 8 9 |  9.0
Dodging        | 3 4 5 7 9 10 11 12 | 12.8
Spellcasting   | 5 6 7 10 11 13 14 15 18 | 18.4
Conjurations   | 2 3 4 5 6 8 9 10 11 | 11.7
Fire Magic     | 4 5 6 7 8 9 10 11 12 | 12.0
Short Blades   | 3 5 6 7 9 |  9.8
Air Magic      | 3 5 6 7 9 |  9.6
Poison Magic   | 3 4 6 7 8 10 | 10.7
Ice Magic      | 5 6 |  6.2
Stealth        | |  2.4

Action                   |  1- 3 |  4- 6 |  7- 9 | 10-12 | 13-15 || total
-------------------------+-------+-------+-------+-------+-------++-------
Melee: Unarmed           |     3 |       |       |       |       ||     3
       Dagger            |       |       |     7 |    49 |     2 ||    58
       Headbutt          |       |       |     3 |     8 |       ||    11
 Cast: Flame Tongue      |    11 |     5 |    44 |    56 |     1 ||   117
       Throw Flame       |     6 |     1 |     1 |     4 |       ||    12
       Conjure Flame     |       |     1 |     4 |     6 |       ||    11
       Sticky Flame      |       |     3 |    11 |    30 |       ||    44
       Mephitic Cloud    |       |     1 |     9 |    12 |     2 ||    24
       Ignite Poison     |       |       |     8 |    11 |     1 ||    20
       Static Discharge  |       |       |     1 |     1 |       ||     2
       Fireball          |       |       |       |     7 |       ||     7
       Inner Flame       |       |       |       |     1 |       ||     1
       Freezing Cloud    |       |       |       |    10 |       ||    10
  Use: Potion            |       |     4 |       |     4 |       ||     8
       Scroll            |       |     3 |       |     2 |       ||     5
 Stab: Confused          |       |       |     2 |       |       ||     2
       Sleeping          |       |       |       |     3 |       ||     3
  Eat: Chunk             |       |       |     1 |     2 |       ||     3
       Royal jelly       |       |       |     3 |     5 |       ||     8
Armor: Robe              |     1 |       |       |     3 |       ||     4
Dodge: Dodged            |     5 |     5 |    18 |    63 |     1 ||    92
